Map: Proxima Station LE

Players

HeRoMaRinE

  • Race: Terran Terran
  • Spawn Location: 7:00

Ryung - Winner!

  • Race: Terran Terran
  • Spawn Location: 1:00

Event: IEM XI Katowice - World Championship 2017

VOD

Have the link to the VOD?

Description

Time

  • Played on: March 2, 2017, 8:04 a.m.
  • Length: 16:10

All games in this series

Show
View Real Time Build Order
Export as new Build Order

HeRoMaRinE Terran 

Build Orders: Reaper Expand, Bio Tank, Banshee Rush 

Get SALT Encoding   

  12  0:00  SCV  
  13  0:12  SCV  
  14  0:17  Supply Depot  
  14  0:24  SCV  
  15  0:28  Refinery  
  15  0:39  SCV  
  16  0:44  Barracks  
  16  0:51  SCV  
  17  1:03  SCV  
  18  1:15  SCV  
  19  1:31  Reaper, Orbital Command  
  20  1:43  Command Center  
  20  1:55  Factory  
  20  1:58  SCV  
  21  2:04  Refinery  
  21  2:07  Barracks Reactor  
  21  2:10  SCV  
  22  2:16  Supply Depot  
  22  2:22  SCV  
  23  2:38  SCV  
  23  2:43  Starport  
  24  2:44  Marine x2  
  24  2:50  SCV  
  27  2:51  Factory Tech Lab  
  27  3:01  Orbital Command  
  27  3:02  Marine x2, SCV  
  30  3:14  SCV  
  34  3:22  Marine x2  
  34  3:26  Cloaking Field, SCV  
  34  3:27  Banshee  
  34  3:29  SCV  
  38  3:36  Cyclone  
  38  3:40  Supply Depot  
  41  3:42  SCV  
  41  3:43  SCV  
  41  3:46  Marine  
  41  3:47  Marine  
  45  3:54  SCV  
  45  3:55  Supply Depot  
  46  4:01  SCV  
  47  4:06  SCV  
  47  4:09  Marine x2  
  50  4:10  Banshee  
  50  4:13  SCV  
  50  4:17  Supply Depot, Cyclone  
  57  4:19  SCV  
  58  4:26  SCV  
  58  4:27  Marine x2  
  58  4:30  Supply Depot  
  58  4:31  SCV  
  61  4:32  Engineering Bay  
  61  4:38  SCV  
  61  4:43  SCV  
  61  4:45  Marine x2  
  65  4:51  Factory Tech Lab  
  65  5:01  SCV x2  
  65  5:04  Command Center  
  67  5:13  SCV x2  
  69  5:14  Refinery  
  69  5:15  Stimpack, Viking x2, Refinery  
  73  5:28  Siege Tank  
  76  5:29  Marine  
  76  5:30  Barracks  
  76  5:31  SCV, Barracks  
  78  5:38  Supply Depot  
  78  5:39  SCV  
  79  5:47  Marine, SCV  
  81  5:51  SCV  
  82  6:00  Siege Tank, SCV  
  82  6:03  SCV  
  79  6:05  Viking x2  
  79  6:09  Engineering Bay  
  82  6:14  Terran Infantry Weapons Level 1  
  82  6:15  Marine, Barracks x2  
  83  6:20  SCV x2  
  83  6:23  Orbital Command  
  82  6:26  Barracks Reactor  
  82  6:27  Barracks Reactor  
  82  6:32  SCV x2  
  84  6:33  Marine  
  84  6:36  Siege Tank  
  88  6:44  Terran Infantry Armor Level 1  
  88  6:49  Missile Turret  
  88  6:51  Marine  
  88  6:54  SCV x2  
  90  7:01  Starport Reactor  
  91  7:03  Supply Depot, Marine, Barracks Reactor  
  91  7:04  Marine x3, Supply Depot  
  95  7:08  Marine  
  95  7:10  SCV x2  
  95  7:14  Supply Depot, Siege Tank  
  98  7:21  Marine x2  
  98  7:22  Marine x4  
  104  7:25  Combat Shields  
  104  7:26  Marine  
  105  7:35  Missile Turret  
  105  7:39  Marine x5  
  105  7:40  Marine  
  105  7:41  Medivac  
  105  7:42  Medivac  
  115  7:44  Marine x3  
  115  7:46  Supply Depot  
  118  7:53  Siege Tank  
  118  7:54  Liberator x2  
  118  7:57  Marine x5  
  126  8:00  Marine  
  126  8:02  Marine  
  134  8:15  Marine x2  
  134  8:16  Marine x5  
  141  8:25  Supply Depot  
  141  8:27  Supply Depot  
  141  8:30  Supply Depot  
  141  8:46  Marine x5  
  141  8:47  Siege Tank  
  149  8:48  Marine x3  
  149  8:49  Armory  
  149  8:52  Marine  
  149  8:54  Medivac x2  
  157  9:04  Marine x5  
  157  9:06  Orbital Command  
  161  9:11  Marine x2  
  161  9:12  Marine x2  
  161  9:19  Siege Tank  
  161  9:22  Marine x5  
  164  9:29  Marine x2, Medivac  
  164  9:30  Marine x2, Medivac  
  172  9:37  Terran Infantry Weapons Level 2  
  172  9:40  Marine  
  172  9:42  Supply Depot  
  172  9:44  Supply Depot  
  173  9:46  Marine x4  
  173  9:49  Marine  
  173  9:52  Terran Infantry Armor Level 2  
  178  9:59  Marine x3  
  181  10:04  Marine x2  
  183  10:08  Supply Depot  
  183  10:09  Sensor Tower  
  183  10:10  Marine x2  
  183  10:11  Marine  
  183  10:12  Marine  
  187  10:17  Marine x2  
  187  10:20  Siege Tank  
  192  10:29  Factory  
  192  10:33  Terran Vehicle Weapons Level 1, Barracks Reactor  
  192  10:36  Marine  
  192  10:38  Marine x2  
  192  10:39  Marine x2  
  192  10:42  Marine x2  
  198  10:44  Marine, Supply Depot  
  196  11:02  Command Center  
  194  11:15  Marine x4  
  194  11:16  Marine x3, Siege Tank  
  194  11:17  Viking x2  
  180  11:19  Marine x2  
  180  11:22  Marine  
  138  11:30  Siege Tank  
  140  11:33  Marine x3  
  140  11:34  Marine x2  
  140  11:35  Marine  
  140  11:37  Marine x2  
  148  11:40  Marine x2  
  150  11:47  Medivac  
  150  11:49  Siege Tank  
  150  11:51  Marine x3  
  150  11:52  Marine  
  159  11:58  Marine  
  159  11:59  Marine x2  
  161  12:02  Marine x2  
  161  12:08  Marine x2  
  116  12:12  Marine x3  
  91  12:16  Marine  
  91  12:17  Marine x2  
  91  12:19  Marine  
  93  12:24  Siege Tank  
  93  12:25  Siege Tank  
  93  12:29  Medivac  
  100  12:32  Medivac  
  100  12:34  Marine x2  
  104  12:37  Marine  
  104  12:38  Marine x3  
  104  12:40  Marine  
  104  12:42  Marine  
  110  12:49  Marine  
  105  12:58  Marine x2  
  105  12:59  Marine, Medivac  
  105  13:01  Marine x2  
  105  13:02  Marine, Medivac  
  115  13:09  Siege Tank  
  118  13:15  Siege Tank  
  118  13:18  Planetary Fortress  
  118  13:19  Marine  
  122  13:24  Marine x2  
  124  13:28  Marine  
  124  13:29  Marine  
  124  13:31  Marine x2  
  117  13:35  Marine  
  117  13:36  Marine, Refinery  
  119  13:41  Siege Tank  
  119  13:43  Marine  
  119  13:46  Marine x3  
  119  13:47  Siege Tank  
  119  13:48  Marine x2  
  130  13:50  Marine  
  130  13:55  SCV  
  125  13:56  Marine  
  125  13:58  Marine  
  125  14:00  Marine  
  125  14:01  Marine  
  129  14:08  Marine x2  
  130  14:11  Marine x2  
  128  14:19  Marine x2  
  128  14:24  Marine  
  104  14:25  Marine  
  104  14:26  Marine x2  
  104  14:27  Marine  
  104  14:29  Marine  
  99  14:33  Siege Tank  
  102  14:40  Marine x2  
  102  14:41  Marine  
  102  14:42  Marine x2  
  102  14:43  Marine  
  102  14:45  Marine  
  109  14:46  Marine  
  110  14:53  Marine x2  
  111  15:00  Marine x2  
  111  15:02  Marine x3  
  118  15:08  Thor  
  118  15:09  Marine  
  118  15:10  Marine  
  118  15:12  Marine  
  118  15:14  Marine  
  125  15:16  Marine  
  125  15:18  Marine  
  125  15:21  Marine x2  
  128  15:22  Marine  
  128  15:23  Marine  
  128  15:27  Marine  
  133  15:28  Marine  
  133  15:32  Siege Tank  
  133  15:33  Marine  
  133  15:35  Medivac  
  140  15:38  Medivac  
  139  15:45  Marine  
  139  15:47  Marine x2  
Show
View Real Time Build Order
Export as new Build Order

Ryung Terran - Winner!

Build Orders: Reaper Expand, Bio Tank 

Get SALT Encoding   

  12  0:00  SCV  
  13  0:12  SCV  
  14  0:18  Supply Depot  
  14  0:25  SCV  
  14  0:28  Refinery  
  15  0:39  SCV  
  16  0:44  Barracks  
  16  0:52  SCV  
  17  1:04  SCV  
  18  1:16  SCV  
  19  1:31  Orbital Command  
  19  1:32  Reaper  
  20  1:46  Command Center  
  20  1:57  Factory  
  20  2:01  SCV  
  20  2:06  Barracks Reactor  
  21  2:10  Refinery  
  21  2:15  SCV  
  22  2:21  Supply Depot  
  22  2:27  SCV  
  23  2:42  SCV  
  24  2:52  Widow Mine, Starport  
  24  2:53  Marine x2  
  24  2:54  SCV  
  28  3:01  Orbital Command  
  28  3:06  SCV  
  28  3:10  Marine  
  28  3:11  Marine  
  31  3:18  SCV  
  32  3:22  Factory Tech Lab  
  32  3:28  SCV  
  32  3:29  Marine x2  
  32  3:31  SCV  
  36  3:36  Viking  
  36  3:41  Siege Tank  
  41  3:42  SCV  
  41  3:44  SCV  
  43  3:49  Supply Depot  
  43  3:51  Marine  
  43  3:54  SCV  
  45  3:56  SCV  
  46  4:07  Supply Depot  
  46  4:11  SCV x2  
  48  4:20  Barracks Tech Lab, Barracks  
  48  4:23  SCV  
  48  4:24  SCV, Barracks  
  50  4:28  Siege Tank  
  53  4:31  Engineering Bay  
  53  4:33  Refinery  
  53  4:35  SCV  
  53  4:36  SCV  
  54  4:49  SCV x2  
  55  4:53  Supply Depot  
  55  4:54  Refinery  
  55  4:58  Stimpack  
  55  4:59  Starport Reactor  
  55  5:01  SCV x2  
  55  5:05  Missile Turret  
  57  5:13  SCV x2  
  57  5:14  Terran Infantry Weapons Level 1  
  59  5:15  Barracks Tech Lab  
  59  5:25  SCV x2  
  59  5:26  Marine  
  59  5:27  Marine x2  
  59  5:28  Siege Tank  
  67  5:30  Supply Depot  
  67  5:34  Supply Depot  
  66  5:42  Marine, Combat Shields  
  65  5:44  Marine x2, SCV x2  
  68  5:54  Marine  
  68  5:56  Medivac x2  
  71  5:58  SCV x2  
  71  6:00  Marine  
  71  6:02  Marine  
  71  6:04  Marine  
  71  6:10  Siege Tank  
  71  6:11  SCV x2  
  77  6:12  Marine  
  77  6:16  Supply Depot x2  
  75  6:23  Marine  
  75  6:24  Marine x2  
  77  6:30  Marine, Medivac x2  
  82  6:40  Command Center  
  82  6:42  SCV  
  82  6:46  Marine x3  
  85  6:51  SCV  
  87  6:54  SCV  
  87  6:58  Supply Depot  
  88  7:03  Marine, SCV  
  88  7:04  Marine  
  88  7:07  SCV  
  88  7:08  Terran Infantry Armor Level 1  
  91  7:19  Marine x2, Barracks  
  91  7:20  Marine  
  91  7:21  SCV x2, Barracks  
  96  7:31  Medivac x2  
  96  7:35  SCV x2  
  96  7:36  Supply Depot  
  102  7:38  Siege Tank  
  105  7:47  Armory  
  105  7:52  Engineering Bay  
  105  7:53  SCV  
  105  7:54  SCV  
  107  7:59  Orbital Command  
  107  8:01  Marine  
  107  8:02  Marine x3  
  111  8:06  SCV x2  
  111  8:11  Viking  
  115  8:14  Viking  
  115  8:15  Barracks Reactor  
  115  8:16  Barracks Reactor  
  115  8:19  Marine  
  118  8:22  Siege Tank, Orbital Command  
  118  8:23  SCV  
  122  8:32  Marine x3  
  125  8:35  Terran Infantry Weapons Level 2  
  125  8:37  Marine  
  125  8:40  Terran Vehicle Weapons Level 1  
  126  8:44  Viking  
  126  8:47  SCV x2  
  130  8:48  SCV  
  130  8:55  Marine x2  
  131  9:00  Supply Depot x2  
  133  9:05  Marine  
  133  9:07  Marine  
  127  9:12  Marine x4  
  127  9:13  Marine x2  
  127  9:14  Siege Tank  
  130  9:20  Terran Infantry Armor Level 2  
  130  9:21  SCV x3  
  130  9:25  Factory  
  130  9:26  Refinery  
  130  9:32  Marine x4  
  130  9:36  Refinery  
  134  9:39  Viking  
  134  9:40  Viking  
  134  9:41  Marine x2  
  134  9:42  Sensor Tower  
  140  9:49  Marine  
  140  9:50  Marine x2  
  140  9:51  Siege Tank  
  146  9:56  Supply Depot  
  146  9:57  Supply Depot  
  146  10:00  Marine x2, Sensor Tower  
  146  10:05  Marine  
  149  10:10  Supply Depot  
  149  10:12  Marine x2  
  151  10:15  Factory Tech Lab  
  151  10:16  Marine x3  
  151  10:18  Marine  
  155  10:21  Supply Depot  
  155  10:22  Viking  
  155  10:24  Marine x2  
  159  10:38  Marine x4  
  159  10:39  Siege Tank  
  159  10:40  Siege Tank  
  167  10:54  Viking x2  
  167  10:55  Marine x4  
  174  11:03  Marine x4  
  178  11:04  Terran Infantry Weapons Level 3  
  178  11:11  Terran Vehicle Weapons Level 2  
  178  11:16  Marine x2  
  166  11:18  Marine x2  
  166  11:21  Marine x4  
  157  11:34  Marine x2  
  157  11:36  Marine x2  
  161  11:40  Command Center  
  161  11:49  Marine x2  
  161  11:50  Marine x2  
  161  11:52  Terran Infantry Armor Level 3  
  161  11:53  Siege Tank  
  168  11:54  Siege Tank  
  171  12:03  Liberator x2  
  171  12:04  Marine x2  
  171  12:05  Marine x2  
  171  12:08  Marine x2  
  143  12:09  Marine x2  
  132  12:22  Marine x2  
  140  12:23  Marine x2  
  140  12:26  Marine x2  
  140  12:27  Marine x2  
  146  12:40  Marine x2  
  146  12:41  Siege Tank x2  
  146  12:43  Marine x2  
  156  12:44  Marine x2  
  156  12:51  Marine x2  
  151  12:52  Liberator x2  
  151  12:58  Marine x2  
  155  13:01  Marine x2  
  155  13:02  Marine x2  
  159  13:09  Marine x2  
  167  13:15  Marine x2  
  169  13:29  Marine x2  
  169  13:30  Marine x2  
  169  13:33  Siege Tank x2  
  173  13:36  Planetary Fortress  
  173  13:55  Marine x4  
  177  13:56  Marine x4  
  181  14:06  Barracks  
  181  14:08  Barracks  
  171  14:11  Barracks  
  171  14:15  Marine x2  
  172  14:17  Marine x6  
  172  14:19  Liberator  
  172  14:20  Liberator  
  156  14:30  Siege Tank x2  
  145  14:33  Marine x2  
  145  14:35  Marine x6  
  159  14:47  Command Center  
  159  14:51  Marine x2  
  161  14:53  Marine  
  161  14:55  Marine x3  
  166  15:01  Marine x2  
  166  15:04  Liberator, Barracks Reactor x3  
  167  15:07  Liberator  
  167  15:14  Marine x2, Siege Tank x2  
  167  15:15  Marine x2  
  183  15:41  Marine x4  
  187  15:48  Marine x4  

Tags
 
Add a new tag
Caveats
  • Supply blocks, unpowered buildings, or Contaminate may cause inaccurate times.
  • Supply counts are checked every 10 seconds.